[Event "*** Titled Tuesday Blitz"]
[Site "Chess.com"]
[Date "2018.07.03"]
[Round "5"]
[White "tgpgoat"]
[Black "HanSchut"]
[Result "0-1"]
[WhiteElo "1970"]
[BlackElo "2270"]
[TimeControl "180+2"]
[EndTime "14:04:27 PDT"]
[Termination "HanSchut won by checkmate"]

1. e4 c5 2. Nf3 d6 3. d4 cxd4 4. Nxd4 Nf6 5. Nc3 a6 6. Be3 e5 7. Nb3 Be6 8. f3 Be7 9. Qd2 O-O 10. O-O-O Nbd7 11. g4 b5 12. Bg5 b4 13. Ne2 Nxe4 14.
Bxe7 Nxd2 15. Bxd8 Nxb3+ 16. axb3 Rfxd8 17. Rxd6 Nc5 18. Rxd8+ Rxd8 19. Ng3 Rc8 20. Kb1 Bd5 21. Bg2 Ne6 22. Re1 f6 23. Ne2 Kf7 24. Rd1 Rc5 25. Bh1 g5 26. Ng3 Nd4 27. Rd3 Bc6 28. Nf5 Nxf5 29.
gxf5 Ke7 30. Bg2 Bd7 31. Bh3 h5 32. c3 Bc6 33. cxb4 Rd5 34. Rxd5 Bxd5 35. Bf1 Bxf3 36. Bxa6 Be4+ 37. Kc1 Bxf5 38. b5 Kd6 39. Bb7 Kc5 40. Bc6 Bd3 41. Be8 h4 42. Kd2 Bxb5 43. Bf7 Bd7 44.
Ke3 f5 45. Bg6 Kb4 46. Bf7 Bc6 47. Bg8 f4+ 48. Kf2 g4 49. Be6 g3+ 50. hxg3 hxg3+ 51. Kg1 e4 52. Kf1 e3 53. Bc4 f3 54. Kg1 g2 55.
Kh2 f2 56. Bd5 g1=Q+ 57. Kh3 f1=Q+ 58. Kh4 Qf4+ 59. Kh3 Qgg3# 0-1

[Event "*** Titled Tuesday Blitz"]
[Site "Chess.com"]
[Date "2018.07.03"]
[Round "5"]
[White "dolynachess"]
[Black "GMKrikor"]
[Result "0-1"]
[WhiteElo "2412"]
[BlackElo "2614"]
[TimeControl "180+2"]
[EndTime "14:04:31 PDT"]
[Termination "GMKrikor won by resignation"]

1. d4 Nf6 2. c4 g6 3. Nc3 d5 4.
cxd5 Nxd5 5. e4 Nxc3 6. bxc3 c5 7. Bc4 Bg7 8. Ne2 O-O 9. O-O Nc6 10. Be3 Bg4 11. f3 Bd7 12. Rb1 Qc7 13. Bb3 Na5 14.
Qd2 Rac8 15. d5 Bb5 16. d6 exd6 17. Bxf7+ Qxf7 18. Rxb5 Nc4 19. Qc1 b6 20. Bh6 Rcd8 21.
Bxg7 Kxg7 22. Rd1 d5 23. exd5 Rxd5 24. Rxd5 Qxd5 25. Rb1 Re8 26. Ng3 Re3 27. Ne4 Qd3 28. Qf1 Qxf1+ 29. Rxf1 Rd3 30. Re1 h6 31. h4 Nb2 32. Re2 Na4 33. Kf2 a5 34. Rc2 c4 35.
Ke2 Kf7 36. g3 Ke6 37. Kf2 Ke5 38. Ke2 b5 39. Kf2 Kf5 40. Ke2 g5 41. hxg5 hxg5 42. Kf2 g4 43. Nd2 Rxc3 44. Rxc3 Nxc3 45. a3 Nd5 46. fxg4+ Kxg4 47. a4 c3 48. Nf1 c2 0-1

[Event "*** Titled Tuesday Blitz"]
[Site "Chess.com"]
[Date "2018.07.03"]
[Round "5"]
[White "morphy1984"]
[Black "BasilSmash"]
[Result "0-1"]
[WhiteElo "2492"]
[BlackElo "2434"]
[TimeControl "180+2"]
[EndTime "14:04:52 PDT"]
[Termination "BasilSmash won by resignation"]

1. e4 c6 2. d4 d5 3. Nd2 dxe4 4.
Nxe4 Bf5 5. Ng3 Bg6 6. h4 h6 7. Nf3 e6 8. Ne5 Bh7 9. Bd3 Bxd3 10. Qxd3 Nd7 11. f4 Be7 12. Bd2 Nxe5 13. fxe5 Bxh4 14. O-O-O Bxg3 15. Qxg3 Ne7 16. Qxg7 Rg8 17. Qxh6 Qd5 18.
Kb1 O-O-O 19. Bb4 Nf5 20. Qf6 a5 21. Bc5 Rxg2 22. Qxf7 Rg7 23. Qf6 Rdg8 24. Rhf1 Rg6 25. Qf7 R6g7 26. Qf6 Qd7 27. Rxf5 exf5 28. e6 Qd5 29. e7 Rf7 30. Qh4 f4 31. b3 f3 32.
Qh3+ Qf5 33. Qh2 f2 34. Rf1 Re8 35. Kb2 Qf4 36. Qh3+ Kc7 37. Qc3 b6 38. Ba3 Qf3 39. Qc4 Qd5 40. Qa6 Qxd4+ 41. Kb1 c5 42. Bb2 Qd5 43. Qa7+ Kc6 44. a4 Rfxe7 45. Qa6 Re1+ 46. Ka2 Rxf1 47. Qxf1 Rf8 48. Qb5+ Kb7 49. Qf1 Rf7 50. c4 Qe4 51. Ka3 Qf3 52. Be5 Rd7 53. Qc1 f1=Q 0-1

[Event "*** Titled Tuesday Blitz"]
[Site "Chess.com"]
[Date "2018.07.03"]
[Round "5"]
[White "Irochka83"]
[Black "NemtsevIgor"]
[Result "0-1"]
[WhiteElo "2248"]
[BlackElo "2409"]
[TimeControl "180+2"]
[EndTime "14:04:55 PDT"]
[Termination "NemtsevIgor won by resignation"]

1. d4 c6 2. c4 d6 3. e4 Nd7 4. Nc3 h6 5. f4 g5 6. fxg5 hxg5 7. Bxg5 Bg7 8. Nf3 Nf8 9. Qd2 Ne6 10.
Be3 Nh6 11. d5 Nf8 12. Bd4 Bxd4 13. Qxd4 f6 14. Be2 Ng4 15. O-O-O Ng6 16. dxc6 bxc6 17. c5 Bd7 18. cxd6 e5 19. Qc5 Nf4 20. Bc4 Qb6 21.
Qxb6 axb6 22. Rd2 b5 23. Bb3 Ne3 24. g3 Nh5 25. Re1 Nc4 26. Bxc4 bxc4 27. Rf2 Ng7 28. Nh4 Rh6 29. Ref1 Nh5 30. Ng2 Bh3 31. Rd1 Bxg2 32. Rxg2 Ng7 33. Rc2 Ne6 34. Rf2 Nc5 35. Kc2 Kd7 36.
Rdf1 Rf8 37. b4 cxb3+ 38. axb3 Kxd6 39. b4 Ne6 40. Kb2 Nd4 41. Ne2 Ke6 42. Nxd4+ exd4 43. Rd1 Rd8 44. Kb3 Ke5 45. Re2 Rg6 46. Kc4 Rg4 47.
Rf1 d3 48. Re3 Rxe4+ 49. Rxe4+ Kxe4 50. Re1+ Kf3 51. Kc3 d2 52. Rd1 Ke2 53. Kc2 Rd4 54. h4 Rc4+ 55. Kb3 Kxd1 56. Kxc4 Kc2 0-1

[Event "*** Titled Tuesday Blitz"]
[Site "Chess.com"]
[Date "2018.07.03"]
[Round "5"]
[White "jeetjain"]
[Black "gmjlh"]
[Result "0-1"]
[WhiteElo "2438"]
[BlackElo "2660"]
[TimeControl "180+2"]
[EndTime "14:04:56 PDT"]
[Termination "gmjlh won by resignation"]

1. e4 c6 2. d4 d5 3. e5 Bf5 4. h4 h5 5. Bd3 Bxd3 6. Qxd3 e6 7. Bg5 Qb6 8. Nd2 c5 9. c4 Qxb2 10. Rd1 Nc6 11. cxd5 Nxd4 12. dxe6 Nxe6 13. Ngf3 Be7 14. O-O Rd8 15. Qe4 Bxg5 16. hxg5 b5 17. Qc6+ Kf8 18.
g6 Ne7 19. Qxe6 fxe6 20. Nc4 Qd4 21. Nxd4 Rxd4 22. Rxd4 cxd4 23. Nd6 Nxg6 24. Nxb5 d3 25. f4 Ke7 26. g3 a6 27. Nd6 h4 28. Kg2 hxg3 29.
Kxg3 Rb8 30. Rd1 Rb4 31. Rxd3 Nxf4 32. Ra3 Ne2+ 33. Kf2 Rb2 34. Rxa6 Nc3+ 35. Kg3 Rxa2 36. Rc6 Nd5 37. Rc8 Re2 38. Rg8 Rxe5 39. Nc4 Rg5+ 40. Kh4 Rg4+ 41. Kxg4 Nf6+ 42. Kg5 Nxg8 43. Kg6 Kf8 44. Ne5 Ne7+ 45. Kg5 Ke8 46. Kf4 Kf8 47. Nd7+ Kf7 48. Ke5 Ng6+ 49. Kd6 Nf4 50. Ne5+ Kf6 51. Nd7+ Kf5 52. Ne5 g5 53. Nf3 g4 54. Nd4+ Ke4 55. Nxe6 Nxe6 56. Kxe6 g3 0-1

[Event "*** Titled Tuesday Blitz"]
[Site "Chess.com"]
[Date "2018.07.03"]
[Round "5"]
[White "djamir"]
[Black "eljanov"]
[Result "0-1"]
[WhiteElo "2600"]
[BlackElo "2645"]
[TimeControl "180+2"]
[EndTime "14:05:03 PDT"]
[Termination "eljanov won by checkmate"]

1. e4 c6 2. d4 d5 3. exd5 cxd5 4.
Bd3 Nc6 5. c3 Nf6 6. Ne2 Bg4 7. O-O e6 8. Bf4 Bd6 9. Bxd6 Qxd6 10. Na3 O-O 11. Nc2 Bh5 12. Ne3 Rab8 13. a4 a6 14. Re1 Qc7 15. Qb1 Bg6 16. Bxg6 hxg6 17. Ng3 b5 18. axb5 axb5 19. b4 Ne7 20.
Qd3 Rfc8 21. Rec1 Nf5 22. Nexf5 gxf5 23. f3 Ne8 24. Nf1 Nd6 25. Nd2 Ra8 26. Qb1 Nc4 27.
Nb3 Qf4 28. Qd3 Nb2 29. Qc2 Rxa1 30. Nxa1 Qe3+ 31. Kf1 Na4 32. Qd1 Rxc3 33. Nc2 Qd3+ 34. Qxd3 Rxd3 35. Ke2 Rc3 36. Kd2 Rc4 37. Rb1 g5 38. Rb3 Kg7 39. Kd3 Rc8 40. h3 Nb6 41. Rc3 Nc4 42. Na3 Rb8 43. Ke2 Kg6 44. g4 f4 45. Kf2 f6 46. Kg2 e5 47. Rd3 e4 48.
Rb3 Kf7 49. Rc3 Ke6 50. Kf2 Kd6 51. h4 gxh4 52. Kg2 Kc6 53. Kh3 Ra8 54. Nc2 Kd6 55.
Kxh4 Rh8# 0-1

[Event "*** Titled Tuesday Blitz"]
[Site "Chess.com"]
[Date "2018.07.03"]
[Round "5"]
[White "RiskyDecision"]
[Black "meoluoi91"]
[Result "1-0"]
[WhiteElo "2503"]
[BlackElo "2496"]
[TimeControl "180+2"]
[EndTime "14:05:04 PDT"]
[Termination "RiskyDecision won by resignation"]

1. d4 d5 2. c4 c6 3. cxd5 cxd5 4. Bf4 Nc6 5. e3 Nf6 6. Nc3 a6 7. Be2 e6 8. Nf3 Bd6 9. Bxd6 Qxd6 10. O-O O-O 11.
Rc1 b5 12. a3 Bd7 13. b4 Rfc8 14. Ne1 e5 15. dxe5 Nxe5 16. Nf3 Nc4 17. Bxc4 Rxc4 18. Nd2 Rc7 19. Nb3 Rac8 20. Nc5 Be6 21. Qd4 Ng4 22.
f4 f5 23. e4 Rd8 24. exd5 Bxd5 25. Rfd1 Nf6 26. Qe5 Qc6 27. Qxf5 Rcc8 28. Nxd5 Nxd5 29. Rd4 Ne3 30. Rxd8+ Rxd8 31. Qe6+ Qxe6 32. Nxe6 Rd6 33. Rc8+ Kf7 34. Ng5+ Kg6 35. Kf2 Nc4 36. a4 Rd2+ 37.
Kf3 Rd3+ 38. Ke4 Re3+ 39. Kd4 Re2 40. Rc6+ Kf5 41. Rxa6 Rd2+ 42. Kc3 Rxg2 43. axb5 Ne3 44. Kd4 Nc2+ 45. Kc5 h6 46. Nf7 Ne3 47. b6 Rc2+ 48.
Kb5 Nd5 49. Nd6+ Ke6 50. Nc4 Kd7 51. Ra7+ Kc8 52. Rxg7 Nxf4 53. Nd6+ Kd8 54. b7 Ne6 55.
b8=Q+ 1-0

[Event "*** Titled Tuesday Blitz"]
[Site "Chess.com"]
[Date "2018.07.03"]
[Round "5"]
[White "djano"]
[Black "arctic_t00"]
[Result "0-1"]
[WhiteElo "2401"]
[BlackElo "2336"]
[TimeControl "180+2"]
[EndTime "14:05:06 PDT"]
[Termination "arctic_t00 won on time"]

1. Nf3 Nf6 2. c4 g6 3. d4 Bg7 4. Nc3 O-O 5. Bg5 d6 6. e3 c5 7. Be2 h6 8. Bh4 g5 9. Bg3 Nh5 10. d5 Nxg3 11. hxg3 f5 12. Qc2 e5 13. dxe6 Bxe6 14.
O-O Nc6 15. Rad1 Qe7 16. a3 Rad8 17. Nd5 Qf7 18. Rd2 Ne5 19. Rfd1 Ng6 20. Bd3 Ne7 21. e4 Nxd5 22. cxd5 Bc8 23. exf5 Bxf5 24. Re2 Bg4 25. Be4 Qf6 26. b4 cxb4 27. axb4 Rc8 28. Qa4 a6 29. b5 axb5 30. Qxb5 Rc7 31. Qa4 Re7 32. Bh7+ Kxh7 33. Rxe7 Bxf3 34. Rxg7+ Kxg7 35. gxf3 Qxf3 36. Qd4+ Qf6 37. Qb6 Rf7 38. Re1 Re7 39. Rc1 h5 40.
Rc7 Qf7 41. Qd4+ Kg6 42. Rc8 Qg7 43. Qd3+ Kh6 44. Kg2 Rf7 45. Qe4 Qf6 46. Qe3 Re7 47. Qd3 Rf7 48. Qe3 Qf5 49. Qd4 Qf6 50. Qe3 Qf5 51.
Qd4 Qxc8 52. Qe4 Qf5 53. Qe3 Qxd5+ 0-1

[Event "*** Titled Tuesday Blitz"]
[Site "Chess.com"]
[Date "2018.07.03"]
[Round "5"]
[White "Mbneu"]
[Black "Saitama_Hero"]
[Result "1-0"]
[WhiteElo "2250"]
[BlackElo "2329"]
[TimeControl "180+2"]
[EndTime "14:05:15 PDT"]
[Termination "Mbneu won by checkmate"]

1. d4 Nf6 2. c4 g6 3. Nc3 d5 4. cxd5 Nxd5 5. g3 Bg7 6. Bg2 Nb6 7. Nf3 O-O 8. O-O Nc6 9. d5 Na5 10. Be3 Nac4 11. Bd4 Nxb2 12. Qc2 N2c4 13. Bxg7 Kxg7 14. Rfd1 Bf5 15. e4 Bg4 16. Nb5 Bxf3 17. Bxf3 a6 18. Nd4 Qd6 19. Be2 Na3 20. Qc3 Kg8 21. Rac1 Nb5 22.
Bxb5 axb5 23. Nxb5 Qd7 24. Nxc7 Rfc8 25. Qb3 Rxc7 26.
Qxb6 Rxc1 27. Rxc1 Rxa2 28. Qc7 Qxc7 29. Rxc7 Kf8 30. Rxb7 Re2 31. Rb4 Ke8 32. Kg2 Kd7 33. Kf3 Rc2 34. Ke3 h5 35. Rb3 Ra2 36. h4 Rc2 37. f3 Rg2 38. Kf4 Rf2 39. Rb7+ Ke8 40. e5 Rd2 41. e6 fxe6 42. dxe6 Kf8 43. Kg5 Rd6 44. Kxg6 Rxe6+ 45. Kxh5 Re3 46. Kg4 Kf7 47. Rb4 Re6 48. Rf4+ Kg7 49. Rf5 Kh7 50. Kf4 Kg7 51. Re5 Rb6 52. Rxe7+ Kf6 53. Re4 Rb5 54. Kg4 Rc5 55.
f4 Kg6 56. Re6+ Kf7 57. f5 Rc4+ 58. Kg5 Rc3 59. g4 Rc8 60. h5 Rg8+ 61. Rg6 Rd8 62.
h6 Rd4 63. h7 Rd8 64. Rg8 Rxg8+ 65. hxg8=Q+ Kxg8 66. Kf6 Kf8 67. g5 Kg8 68. Ke7 Kg7 69. f6+ Kg6 70. f7 Kxg5 71. f8=Q Kh5 72. Qg7 Kh4 73. Kf6 Kh3 74. Kf5 Kh2 75. Kf4 Kh1 76.
Kf3 Kh2 77. Qg2# 1-0

[Event "*** Titled Tuesday Blitz"]
[Site "Chess.com"]
[Date "2018.07.03"]
[Round "5"]
[White "Hrant_ChessMood"]
[Black "champ2005"]
[Result "1/2-1/2"]
[WhiteElo "2895"]
[BlackElo "2720"]
[TimeControl "180+2"]
[EndTime "14:05:16 PDT"]
[Termination "Game drawn by agreement"]

1. d4 Nf6 2. c4 e6 3. Nf3 d5 4.
Nc3 c6 5. Bg5 dxc4 6. e4 b5 7.
e5 h6 8. Bh4 g5 9. Nxg5 hxg5 10. Bxg5 Be7 11. exf6 Bxf6 12. Bxf6 Qxf6 13. g3 Bb7 14.
Bg2 Na6 15. Ne4 Qe7 16. O-O O-O-O 17. a4 f5 18. axb5 cxb5 19. Rxa6 Bxa6 20. Nc5 Qxc5 21. dxc5 Rxd1 22. Rxd1 b4 23. Ra1 Bb5 24. Bf1 Kb7 25. b3 a6 26. bxc4 Bc6 27. h4 Rd8 28. h5 Bf3 29.
Bg2 Bxg2 30. Kxg2 Kc6 31. Rxa6+ Kxc5 32. Rxe6 Kxc4 33. Rc6+ Kd3 34. Rb6 Kc3 35. Kh3 b3 36. f4 Rd1 37. Kh4 b2 38. Kg5 Rg1 39. Kxf5 Rxg3 40.
h6 Rh3 41. Kg6 Rg3+ 42. Kf7 Rh3 43. Kg7 Rg3+ 44. Kf6 Rh3 45. Kg5 Rg3+ 46. Kh4 Rg6 47. Rxg6 b1=Q 48. Kg5 Qg1+ 49. Kf6 Qb6+ 50. Kg5 Qg1+ 51.
Kf5 Qb1+ 52. Kf6 Qb6+ 53. Kg7 Qc7+ 54. Kh8 Qxf4 55. h7 Qf8+ 56. Rg8 Qf6+ 57. Rg7 Qf8+ 58.
Rg8 1/2-1/2

[Event "*** Titled Tuesday Blitz"]
[Site "Chess.com"]
[Date "2018.07.03"]
[Round "5"]
[White "Blitzstream"]
[Black "Rock700chess"]
[Result "1-0"]
[WhiteElo "2466"]
[BlackElo "2445"]
[TimeControl "180+2"]
[EndTime "14:05:17 PDT"]
[Termination "Blitzstream won by resignation"]

1. d4 Nf6 2. Bg5 d5 3. Bxf6 exf6 4. e3 Bd6 5. c4 dxc4 6. Bxc4 O-O 7. Nc3 Re8 8. Nf3 c6 9. O-O Nd7 10. e4 Nb6 11.
Be2 Bg4 12. Qc2 Qc7 13. h3 Bh5 14. Rfe1 Rad8 15. Rad1 Bf4 16. Nh4 Bxe2 17. Rxe2 a6 18. Nf5 g6 19. Nh4 c5 20. d5 Nc8 21. g3 Be5 22. Kg2 b5 23. f4 Bd4 24. Nxb5 axb5 25. Rxd4 Qa7 26. Rdd2 Nd6 27. b3 c4 28. Nf3 c3 29.
Rd4 f5 30. e5 Ne4 31. Rdxe4 fxe4 32. Ng5 Rxd5 33. Nxe4 Kg7 34. Nf6 Red8 35. Nxd5 Rxd5 36. Qxc3 Qa8 37. Qf3 Qd8 38. e6 fxe6 39. Rxe6 Rd2+ 40. Re2 Rxe2+ 41. Qxe2 Qd5+ 42. Kh2 b4 43. Qe5+ Qxe5 44. fxe5 Kf7 45. Kg2 Ke6 46. Kf3 Kxe5 47. Ke3 g5 48. Kd3 Kd5 49. Ke3 Ke5 50. Kf3 h5 51. Ke3 Kd5 52.
Kd3 h4 53. g4 Ke5 54. Kc4 Kf4 55. Kxb4 Kg3 56. a4 Kxh3 57. a5 Kg2 58. a6 h3 59.
a7 h2 60. a8=Q+ Kg1 61. Qa7+ Kg2 62. Qb7+ Kg1 63. Qb6+ Kg2 64. Qc6+ Kg1 65. Qc5+ Kf1 66. Qxg5 1-0

[Event "*** Titled Tuesday Blitz"]
[Site "Chess.com"]
[Date "2018.07.03"]
[Round "5"]
[White "dretch"]
[Black "plouarzel"]
[Result "1-0"]
[WhiteElo "2782"]
[BlackElo "2483"]
[TimeControl "180+2"]
[EndTime "14:05:27 PDT"]
[Termination "dretch won by resignation"]

1. d4 d6 2. Nf3 Nf6 3. c4 g6 4. Nc3 Nbd7 5. e4 e5 6. Be2 Bg7 7. O-O O-O 8. Qc2 c6 9. Rd1 Qe7 10. Be3 Re8 11. d5 c5 12. Nd2 Nb6 13. h3 h6 14. a3 a5 15. Nb5 a4 16. b4 axb3 17.
Qxb3 Na4 18. Rdb1 Nh7 19. Qc2 f5 20. f3 f4 21. Bf2 Ng5 22. Bf1 Bf6 23. Rb3 Nf7 24.
Rab1 h5 25. Be2 Kg7 26. Ra1 Kh7 27. Nb1 g5 28. N1c3 Nxc3 29. Qxc3 Rg8 30. Kf1 g4 31.
hxg4 hxg4 32. fxg4 Nh6 33. Qh3 Bxg4 34. Bxg4 Rxg4 35.
Rab1 Rag8 36. Nd4 b5 37. Rxb5 exd4 38. Rb7 R8g7 39. Rxe7 Rxe7 40. Rb6 Be5 41. a4 Reg7 42. a5 f3 43. gxf3 Rf4 44. Rb3 Ra7 45. Ra3 Rff7 46. a6 Rf6 47. Be1 Bf4 48. Bh4 Rff7 49. Bf2 Rf6 50. Qc8 Rff7 51. Rb3 Rac7 52. Qb8 Be3 53. Bxe3 Rxf3+ 54. Ke2 Rcf7 55. Bxd4 Rxb3 56. Qxb3 cxd4 57.
Qb7 Ng4 58. Qxf7+ 1-0

[Event "*** Titled Tuesday Blitz"]
[Site "Chess.com"]
[Date "2018.07.03"]
[Round "5"]
[White "Grebeniuk-S"]
[Black "Yurovskykh_Oleksandr"]
[Result "1-0"]
[WhiteElo "2465"]
[BlackElo "2404"]
[TimeControl "180+2"]
[EndTime "14:05:30 PDT"]
[Termination "Grebeniuk-S won by resignation"]

1. d4 Nf6 2. Nf3 g6 3. Bg5 Bg7 4. Nbd2 d5 5. e3 O-O 6. Bd3 c5 7. c3 Nc6 8. O-O Qb6 9. Rb1 Nd7 10. c4 cxd4 11. cxd5 Nce5 12. Nc4 Nxc4 13. Bxc4 dxe3 14. Bxe3 Qd8 15. Bd4 Bxd4 16. Qxd4 Nb6 17. Bb3 Qd6 18. Rfe1 Bf5 19. Rbd1 Rac8 20. Rd2 Rc7 21. h4 h5 22. Qe3 Rfc8 23. Qh6 Qf6 24. Rde2 Bg4 25. Re3 Qg7 26.
Qxg7+ Kxg7 27. Rxe7 Bxf3 28. gxf3 Kf6 29. d6 Rxe7 30. Rxe7 Rd8 31. Rxf7+ Ke5 32. Rxb7 Rxd6 33. Rxa7 Rd4 34. Ra5+ Kd6 35. Rg5 Rxh4 36. Rxg6+ Kc5 37. Kg2 Nd7 38. Kg3 Rd4 39. Rg5+ Kd6 40. Rxh5 Nc5 41.
Rxc5 Kxc5 42. f4 Rd2 43. f5 Kd6 44. f6 Rxb2 45. f7 Ke7 46. Kf3 Rd2 47. Ke3 Rb2 48. f4 Rb1 49. f5 Re1+ 50. Kd3 Kf8 51. Be6 Ra1 52. Kc3 Rc1+ 53. Kb2 Rc7 54. a4 Rc5 55.
Kb3 Re5 56. Kb4 Re4+ 57. Kb5 Re5+ 58. Kb6 Re1 59. a5 Rb1+ 60. Ka7 Rb2 61. a6 Rb1 62.
Ka8 Rb2 63. a7 Rb1 64. Bd5 Rd1 65. Kb7 Rb1+ 66. Kc7 1-0

[Event "*** Titled Tuesday Blitz"]
[Site "Chess.com"]
[Date "2018.07.03"]
[Round "5"]
[White "MikeSailer"]
[Black "joejan"]
[Result "0-1"]
[WhiteElo "2054"]
[BlackElo "2258"]
[TimeControl "180+2"]
[EndTime "14:05:33 PDT"]
[Termination "joejan won on time"]

1. e4 c5 2. Nc3 a6 3. f4 b5 4. Nf3 Bb7 5. d3 e6 6. g3 Nf6 7.
Bg2 d5 8. e5 d4 9. exf6 dxc3 10.
bxc3 Qxf6 11. Bd2 Bd6 12. O-O O-O 13. a4 Qe7 14. axb5 axb5 15. Rxa8 Bxa8 16. Qe2 Nd7 17. Ra1 b4 18. c4 e5 19. Nxe5 Bxg2 20. Qxg2 Nxe5 21.
fxe5 Bxe5 22. Ra8 Bd4+ 23. Kh1 h6 24. Rxf8+ Qxf8 25. Qe4 Qb8 26. Kg2 Qa7 27. h4 Qd7 28.
Be3 f5 29. Qf4 Bxe3 30. Qxe3 Qc6+ 31. Kh2 Kf7 32. Qe5 Qf3 33. Qxc5 Qe2+ 34. Kh3 Qf1+ 35.
Kh2 Qe2+ 36. Kg1 Qd1+ 37. Kg2 Qxc2+ 38. Kh3 Qxd3 39. Qxb4 f4 40. Qb7+ Kg6 41. Qc6+ Kh7 42. Qg2 Qxc4 43. gxf4 Qxf4 44. Qc2+ Kg8 45. Qc8+ Qf8 46.
Qc4+ Qf7 47. Qc8+ Kh7 48. Qc2+ Qg6 49. Qc3 Qf5+ 50. Kh2 Kg6 51. Qg3+ Kf6 52. Qc3+ Qe5+ 53. Qxe5+ Kxe5 54. Kg3 Kf5 55. Kf3 h5 56. Kg3 Ke4 57.
Kg2 Kf4 58. Kh3 Kf3 59. Kh2 Kg4 0-1

[Event "*** Titled Tuesday Blitz"]
[Site "Chess.com"]
[Date "2018.07.03"]
[Round "5"]
[White "djogrodek1"]
[Black "GM_dmitrij"]
[Result "1/2-1/2"]
[WhiteElo "2506"]
[BlackElo "2814"]
[TimeControl "180+2"]
[EndTime "14:05:34 PDT"]
[Termination "Game drawn - insufficient material"]

1. e4 e5 2. Nf3 Nc6 3. d4 exd4 4.
Nxd4 Nf6 5. Nxc6 bxc6 6. e5 Qe7 7. Qe2 Nd5 8. c4 Nb6 9. Nc3 Qe6 10. Qe4 Ba6 11. b3 Bb4 12. Bd2 Bxc3 13. Bxc3 d5 14. Qh4 dxc4 15. Rc1 O-O 16. Be2 Rfe8 17. O-O Nd5 18.
Bxc4 Bxc4 19. Qxc4 Rab8 20. Ba1 Nb4 21. Qe2 f6 22. Rc4 Nd5 23. Rfc1 fxe5 24. Rxc6 Nf4 25. Qf3 Qd5 26. Qxd5+ Nxd5 27. Rd1 Rbd8 28. g3 Nb4 29. Rxd8 Rxd8 30. Rc1 Nxa2 31. Re1 Nb4 32. Bxe5 Re8 33. Bc3 Rxe1+ 34. Bxe1 Nd5 35. Kf1 Kf7 36. Ke2 Ke6 37. Kd3 Nf6 38. h3 Kd5 39. Bc3 Ne4 40. Bd4 c5 41.
Be3 a5 42. g4 Nd6 43. Bd2 c4+ 44. bxc4+ Nxc4 45. Bc3 g6 46. f4 a4 47. f5 gxf5 48. gxf5 Ne5+ 49. Ke3 Nf7 50. Kf4 a3 51. Bg7 a2 52. Ba1 h5 53. h4 Kc4 54. f6 Kd5 55.
Kf5 Kd6 56. Kg6 Ke6 57. Kxh5 Kf5 58. Bb2 Nd6 59. Kh6 Kg4 60. Kg7 Kxh4 61. f7 Nxf7 62. Kxf7 a1=Q 63. Bxa1 1/2-1/2

[Event "*** Titled Tuesday Blitz"]
[Site "Chess.com"]
[Date "2018.07.03"]
[Round "5"]
[White "Margency"]
[Black "VitaliyBernadskiy"]
[Result "1/2-1/2"]
[WhiteElo "2660"]
[BlackElo "2709"]
[TimeControl "180+2"]
[EndTime "14:05:54 PDT"]
[Termination "Game drawn by agreement"]

1. e4 e6 2. d4 d5 3. Nc3 Bb4 4.
e5 Qd7 5. Bd2 b6 6. Nce2 Bxd2+ 7. Qxd2 Ba6 8. Nf3 c5 9. c3 Nc6 10. g3 Nge7 11. h4 cxd4 12. cxd4 Rc8 13. Bh3 Na5 14.
b3 Qb5 15. Nf4 Qc6 16. Bf1 Bxf1 17. Kxf1 Qc3 18. Ke2 Qxd2+ 19. Kxd2 Kd7 20. Rhc1 Nac6 21. Rc3 Nf5 22. Ne2 f6 23. Rac1 Nfe7 24. a3 fxe5 25. dxe5 Rhf8 26. Nf4 h6 27. h5 Rf5 28. Ke2 Rcf8 29. b4 b5 30. Rc5 a6 31. Kf1 Rxf4 32. gxf4 Rxf4 33. Ke2 Re4+ 34. Kf1 Rf4 35. Kg2 Rg4+ 36. Kh3 Rf4 37. Kg3 Rf5 38. Kg4 Rf8 39.
R5c2 Rf5 40. Re2 Rf8 41. Rec2 Ra8 42. Kf4 a5 43. bxa5 Rxa5 44. Rc3 Ra4+ 45. Kg3 b4 46. axb4 Rxb4 47. Kg2 Rg4+ 48. Kf1 Rf4 49. Kg2 Rg4+ 50. Kf1 Re4 51. Rb1 Nb4 52. Rcb3 Nec6 53. Ra1 Rf4 54. Kg2 Rg4+ 55. Kh3 Re4 56. Kg3 Kc7 57. Rc1 Kb6 58. Nd2 Rxe5 59. Rxc6+ Kxc6 60. Rxb4 Rxh5 61. Nf3 Kc5 62. Rb7 g6 63. Re7 Kd6 64. Rg7 g5 65.
Rg6 Rh1 66. Nd4 Re1 67. Nf5+ Kc5 68. Ng7 d4 69. Nxe6+ Kc4 70. Nxd4 Kxd4 71. Rxh6 Ke5 72. Ra6 Kf5 73. Ra5+ Kf6 74. Kg4 Rg1+ 75. Kf3 Rb1 76. Ra6+ Kf5 77. Ra5+ Kf6 78. Ra6+ Kf5 79. Ra5+ 1/2-1/2

[Event "*** Titled Tuesday Blitz"]
[Site "Chess.com"]
[Date "2018.07.03"]
[Round "5"]
[White "Orest_Vovk"]
[Black "nitpicker"]
[Result "1-0"]
[WhiteElo "2233"]
[BlackElo "2094"]
[TimeControl "180+2"]
[EndTime "14:05:58 PDT"]
[Termination "Orest_Vovk won on time"]

1. h4 b6 2. h5 h6 3. e4 Bb7 4.
Nc3 e5 5. Bc4 c6 6. Qf3 Qf6 7.
d3 Bc5 8. Be3 d6 9. Bxc5 dxc5 10. O-O-O Nd7 11. a4 a6 12. Rh3 b5 13. Bb3 Ne7 14.
Rg3 Qxf3 15. Nxf3 O-O 16. a5 Kh7 17. Rh1 f5 18. Rh4 c4 19. dxc4 b4 20. Na4 c5 21.
Nd2 fxe4 22. Rhg4 Nf5 23. Rh3 Nf6 24. Rg6 Nd4 25. Nxc5 Bc8 26. Rhg3 Nxh5 27. Ncxe4 Ne2+ 28. Kb1 Nexg3 29. Rxg3 Nxg3 30. fxg3 Bb7 31. c5 Rad8 32. Nd6 Bxg2 33. N2c4 e4 34. Ne3 Bf3 35. Bc4 Ra8 36. c6 g5 37. c7 h5 38. Be6 h4 39. gxh4 gxh4 40. c8=Q Raxc8 41. Nxc8 Rg8 42. Ne7 Re8 43. Bf5+ Kg7 44. Nc6 Rh8 45. Bh3 Kf6 46. Nxb4 Kg5 47. Nxa6 Kf4 48. Nd5+ Kg3 49. Be6 Bg4 50. Bxg4 Kxg4 51.
Nc5 Kf3 52. Ne6 h3 53. Ng5+ Kg4 54. Nxe4 h2 55. Nf2+ Kf3 56. Nh1 Kg2 57. Ne3+ Kxh1 58. Ng4 Kg2 59. Nxh2 Kxh2 60. b4 Kg3 61. Kb2 Kf4 62. Kb3 Ke5 63. c4 Kd6 64. Ka4 Kc6 65.
a6 Kb6 66. b5 Rh4 67. Kb4 Rg4 68. Kb3 Kc5 69. Ka3 1-0

[Event "*** Titled Tuesday Blitz"]
[Site "Chess.com"]
[Date "2018.07.03"]
[Round "5"]
[White "Bryakin_Mikhail"]
[Black "Gr3egor"]
[Result "0-1"]
[WhiteElo "2610"]
[BlackElo "2380"]
[TimeControl "180+2"]
[EndTime "14:06:07 PDT"]
[Termination "Gr3egor won by resignation"]

1. d4 Nf6 2. c4 e6 3. g3 c5 4. d5 exd5 5. cxd5 d6 6. Nc3 g6 7. Nf3 Bg7 8. Bg2 O-O 9. O-O Re8 10. Bf4 Ne4 11. Nxe4 Rxe4 12. Nd2 Rxf4 13. gxf4 Bxb2 14. Rb1 Bg7 15. Qa4 Nd7 16. Nc4 Qc7 17. e3 a6 18. Qa5 Qxa5 19. Nxa5 b5 20. Nc6 Nb6 21.
e4 Bg4 22. e5 Nc4 23. Rfe1 Bf5 24. Rbd1 Kf8 25. Be4 Bg4 26. Rd3 Re8 27. Bg2 Bf5 28. Be4 Bd7 29. Bg2 dxe5 30. fxe5 Nxe5 31. Rde3 Nc4 32.
Rxe8+ Bxe8 33. Nb8 a5 34. Na6 Bd4 35. Nc7 Bd7 36. Bf1 Nd6 37. Rd1 b4 38. Bg2 a4 39.
Na6 b3 40. axb3 a3 41. Bf1 a2 42. b4 cxb4 43. Nxb4 a1=Q 44. Rxa1 Bxa1 45. Nd3 Ke7 46. Nc5 Bd4 47. Nb3 Bb6 48. Bg2 Kf6 49. Nc1 Bb5 50. Na2 Bd4 51. Nb4 Ke5 52. h3 Bc5 53. Nc6+ Bxc6 54. dxc6 Bb6 55. Kf1 Bc7 56. Ke2 f5 57. h4 Ne4 58. Bf3 Kd6 59. h5 Kxc6 60. hxg6 hxg6 61. Bg2 Kd5 62. Kf3 Ke5 63. Ke2 Bb6 64. f3 Ng3+ 65. Ke1 Kf4 66. Kd2 Be3+ 67. Kd3 Nh5 68. Bh1 Kg3 69. f4 Bxf4 70. Ba8 Bb8 71. Ke2 g5 72. Kf1 Kh2 73. Kf2 g4 74. Kf1 g3 75. Ke2 g2 0-1

[Event "*** Titled Tuesday Blitz"]
[Site "Chess.com"]
[Date "2018.07.03"]
[Round "5"]
[White "Fins0905"]
[Black "abhijeetgupta1016"]
[Result "1-0"]
[WhiteElo "2618"]
[BlackElo "2795"]
[TimeControl "180+2"]
[EndTime "14:06:16 PDT"]
[Termination "Fins0905 won by resignation"]

1. d4 Nf6 2. c4 g6 3. Nc3 d5 4. cxd5 Nxd5 5. e4 Nxc3 6. bxc3 Bg7 7. Qa4+ Qd7 8. Bb5 c6 9. Be2 O-O 10. Nf3 c5 11. Bb5 Qc7 12. O-O Bg4 13. Be3 Bxf3 14.
gxf3 a6 15. Be2 Nd7 16. Rfd1 e5 17. d5 b5 18. d6 Qd8 19. Qc2 Rb8 20. a4 b4 21.
cxb4 cxb4 22. Bxa6 b3 23. Qd3 Qh4 24. Bb5 Nf6 25. Qxb3 Qh3 26. Rd3 Bh6 27. Qd1 Rfd8 28. d7 Bxe3 29. fxe3 Rb7 30. Qe2 Qh4 31. Rad1 Kg7 32.
Rd6 Nh5 33. Qg2 Rc7 34. Qg4 Qe7 35. R6d2 Rc3 36. Rd3 Rc2 37. R1d2 Rc1+ 38. Kg2 Qc5 39. Qg5 Nf6 40. Qg3 h5 41. h4 Rb1 42. Qg5 Qc1 43.
Rd1 Qc2+ 44. R3d2 Qxd1 45. Rxd1 Rxd1 46. Qxe5 Rd2+ 47. Kg3 Rd1 48. Qc3 Rg1+ 49. Kf2 Rb1 50.
Bc6 Rb6 51. a5 Rxc6 52. Qxc6 Rxd7 53. a6 Rd2+ 54. Kg3 Ra2 55. Qb7 g5 56. hxg5 Nh7 57. f4 Nf8 58. a7 h4+ 59. Kf3 h3 60. a8=Q h2 61. Qxa2 h1=Q+ 62. Kg3 Qg1+ 63. Kf3 Qh1+ 64. Qg2 Qd1+ 65. Kg3 Ne6 66. Qf2 Qc1 67. Qbb2+ Qxb2 68. Qxb2+ Kg8 69. Qf6 Ng7 70. Kg4 Ne8 71. Qe7 Ng7 72. f5 Kh7 73. g6+ fxg6 74. f6 1-0